Map: Arctic Dream LE

Players

Opsid

  • Race: Terran Terran
  • League: Diamond
  • Spawn Location: 11:00

Elazhul

  • Race: Protoss Protoss
  • Spawn Location: 12:00

Massa - Winner!

  • Race: Terran Terran
  • League: Platinum
  • Spawn Location: 6:00

qqq - Winner!

  • Race: Zerg Zerg
  • Spawn Location: 5:00

VOD

Have the link to the VOD?

Description

Time

  • Played on: Nov. 14, 2020, 8:36 a.m.
  • Length: 5:37
Show
View Real Time Build Order
Export as new Build Order

Opsid Terran 

Build Orders:  

Get SALT Encoding   

  12  0:00  SCV  
  13  0:12  SCV  
  14  0:17  Supply Depot  
  14  0:24  SCV  
  15  0:38  SCV  
  15  0:40  Barracks  
  16  0:45  Refinery  
  16  0:50  SCV  
  17  1:03  SCV  
  18  1:15  SCV  
  19  1:27  SCV  
  19  1:29  Reaper  
  19  1:31  Supply Depot  
  21  1:39  SCV  
  22  1:52  Command Center  
  22  1:53  SCV  
  23  2:11  Marine  
  23  2:13  Orbital Command  
  23  2:18  Supply Depot  
  23  2:23  Refinery  
  23  2:29  Marine  
  24  2:33  Engineering Bay  
  24  2:39  SCV  
  25  2:51  Marine  
  25  2:55  Barracks  
  26  2:59  SCV  
  26  3:03  Orbital Command  
  27  3:11  SCV  
  27  3:12  Marine  
  29  3:21  Factory  
  29  3:23  SCV  
  30  3:30  Marine  
  30  3:32  SCV  
  32  3:37  SCV  
  32  3:39  Terran Infantry Weapons Level 1  
  33  3:43  Barracks Tech Lab  
  33  3:53  SCV  
  33  3:54  SCV  
  33  3:55  Barracks Tech Lab  
  35  3:58  Supply Depot  
  35  4:02  Marine  
  35  4:05  SCV  
  35  4:06  Starport, SCV, Factory Reactor  
  38  4:10  Refinery  
  38  4:17  SCV  
  38  4:21  Marine  
  40  4:41  Marine  
  40  4:42  Marine  
  36  4:56  Medivac x2  
  40  5:02  Marine x2  
  40  5:05  Factory Tech Lab  
Show
View Real Time Build Order
Export as new Build Order

Elazhul Protoss 

Build Orders:  

Get SALT Encoding   

  12  0:00  Probe  
  13  0:12  Probe  
  14  0:18  Pylon  
  14  0:26  Probe  
  15  0:37  Gateway  
  15  0:38  Probe  
  16  0:50  Probe (Chrono Boost), Assimilator  
  17  1:00  Probe (Chrono Boost)  
  18  1:05  Probe (Chrono Boost)  
  19  1:22  Pylon  
  19  1:28  Cybernetics Core  
  19  1:32  Probe  
  19  1:33  Zealot  
  21  1:44  Probe  
  21  1:45  Forge  
  22  2:00  Zealot  
  24  2:01  Warp Gate (Chrono Boost)  
  24  2:23  Probe  
  25  2:31  Nexus  
  25  2:35  Probe  
  25  2:36  Assimilator  
  26  2:47  Probe  
  27  2:56  Gateway  
  27  2:57  Gateway  
  27  2:59  Probe  
  28  3:14  Probe  
  28  3:16  Pylon  
  29  3:30  Probe, Stargate  
  30  3:37  Shield Battery  
  30  3:45  Probe (Chrono Boost), Pylon  
  32  3:50  Probe (Chrono Boost)  
  32  3:55  Probe (Chrono Boost)  
  33  3:59  Probe (Chrono Boost)  
  33  4:00  Probe (Chrono Boost)  
  35  4:07  Photon Cannon  
  35  4:09  Shield Battery  
  35  4:11  Stalker  
  35  4:12  Zealot  
  35  4:28  Zealot  
  31  4:39  Zealot  
  31  4:56  Pylon  
  31  4:57  Pylon  
  27  5:17  Zealot  
  22  5:28  Probe (Chrono Boost)  
Show
View Real Time Build Order
Export as new Build Order

Massa Terran - Winner!

Build Orders: Reaper Expand 

Get SALT Encoding   

  12  0:00  SCV  
  13  0:12  SCV  
  14  0:17  Supply Depot  
  14  0:24  SCV  
  15  0:39  SCV  
  15  0:40  Barracks  
  16  0:49  Refinery  
  16  0:51  SCV  
  17  1:03  SCV  
  18  1:06  Supply Depot  
  18  1:15  SCV  
  19  1:35  Reaper  
  20  1:48  Orbital Command  
  20  2:07  Marine, Command Center  
  21  2:25  Factory  
  21  2:32  SCV  
  21  2:36  Barracks Reactor, Refinery  
  22  2:44  SCV  
  23  2:58  SCV  
  23  3:09  Factory Reactor  
  23  3:10  SCV  
  24  3:15  Starport  
  24  3:16  Marine  
  24  3:17  Marine  
  26  3:20  Orbital Command  
  26  3:22  SCV  
  27  3:32  Barracks  
  27  3:34  Marine  
  27  3:35  Marine  
  27  3:40  Supply Depot  
  29  3:43  Engineering Bay  
  29  3:51  SCV x2  
  29  3:52  Marine x2  
  29  3:55  Factory Tech Lab  
  33  4:03  SCV x2  
  35  4:10  Marine x2  
  35  4:11  Medivac  
  35  4:12  Liberator  
  35  4:15  SCV  
  43  4:18  Widow Mine  
  43  4:21  Barracks Tech Lab  
  45  4:28  SCV x2, Marine x2  
  49  4:40  SCV x2, Siege Tank  
  54  4:56  Supply Depot  
  54  4:57  Supply Depot  
  54  5:00  Supply Depot  
  54  5:09  Command Center  
  54  5:18  SCV x2, Marine x2  
  54  5:19  Supply Depot  
Show
View Real Time Build Order
Export as new Build Order

qqq Zerg - Winner!

Build Orders: Hatch First 

Get SALT Encoding   

  12  0:00  Drone  
  13  0:10  Drone  
  14  0:35  Hatchery  
  13  0:39  Drone  
  14  0:46  Overlord  
  14  1:04  Spawning Pool  
  14  1:09  Extractor  
  14  1:10  Drone  
  13  1:25  Extractor  
  12  1:26  Drone  
  12  1:27  Drone  
  14  1:33  Drone  
  14  1:38  Drone  
  16  1:49  Drone  
  16  1:54  Queen  
  17  1:58  Drone  
  21  2:01  Drone  
  21  2:10  Drone  
  21  2:12  Overlord  
  22  2:17  Drone  
  22  2:22  Drone  
  24  2:25  Zergling x2  
  25  2:32  Zergling x2  
  25  2:34  Zergling x2  
  25  2:36  Metabolic Boost  
  27  2:43  Zergling x2  
  28  2:45  Zergling x2  
  29  2:52  Queen  
  29  2:54  Overlord  
  29  2:56  Zergling x2  
  32  3:06  Zergling x4  
  32  3:07  Zergling x2  
  32  3:08  Zergling x2  
  36  3:12  Overlord  
  36  3:15  Zergling x2  
  36  3:18  Zergling x2  
  38  3:28  Zergling x4  
  40  3:39  Zergling x2  
  40  3:41  Zergling x2  
  42  3:51  Drone, Zergling x2  
  42  3:52  Hatchery  
  43  3:59  Zergling x2  
  43  4:00  Overlord  
  44  4:08  Zergling x2  
  42  4:25  Zergling x8  
  42  4:26  Drone, Zergling x2  
  42  4:27  Drone, Zergling x2  
  48  4:39  Zergling x4  
  50  4:51  Zergling x2  
  50  4:52  Zergling x2  
  48  5:13  Zergling x6  
  48  5:14  Zergling x6  
Tags
 
Add a new tag
Caveats
  • Supply blocks, unpowered buildings, or Contaminate may cause inaccurate times.
  • Supply counts are checked every 10 seconds.